 Dungeon Crawl Stone Soup version 0.31-a0-836-g3ceb0a68c4 (console) character file.

Game seed: 3639326106212245522

1672108 elliptic the Conqueror (level 25, 224/234 HPs)
             Began as a Mummy Reaver on Sept 25, 2023.
             Was an Initiate of Gozag.
             Escaped with the Orb
             ... and 3 runes on Sept 26, 2023!
             The game lasted 04:56:41 (66752 turns).

elliptic the Conqueror (Mummy Reaver)              Turns: 66752, Time: 04:56:41

Health: 224/234    AC: 19    Str: 13    XL:     25   Next: 59%
Magic:  29/29      EV: 39    Int: 14    God:    Gozag
Gold:   6220       SH:  0    Dex: 30    Spells: 29/32 levels left

rFire   + + .        a - +8 storm bow {elec, penet, norare}
rCold   + + +        (shield currently unavailable)
rNeg    + + +        E - +2 robe {rC+ rF+}
rPois   inf          Y - +2 helmet {SInv}
rElec   +            X - +2 cloak {Will+}
rCorr   +            H - +2 pair of gloves {Dex+3}
SInv    +            W - +3 pair of mountain boots {steadfast, rC+}
Will    ++++.        C - amulet of regeneration
Stlth   +            g - +6 ring of dexterity
HPRegen 1.39/turn    G - ring "Osakeer" {rF+ rC+ rN+}
MPRegen 0.21/turn

%: faith
@: mighty, brilliant, resistant, hasted, studying 4 skills, very quick
A: cold resistance 1, negative energy resistance 3, torment resistance 2, weak
1, heat vulnerability 1, in touch with death 2, no potions, faith
0: Orb of Zot
}: 3/15 runes: decaying, silver, gossamer
a: Renounce Religion, Potion Petition, Call Merchant, Bribe Branch


You escaped.
You worshipped Gozag.
Gozag was greatly pleased with you.
You visited 11 branches of the dungeon, and saw 51 of its levels.
You also visited: Ice Cave, Wizlab and Desolation.

You collected 27777 gold pieces.
You spent 2509 gold pieces at shops.
You paid 19048 gold pieces to Gozag.


Innate Abilities, Weirdness & Mutations

You are immune to poison.
Your flesh is cold resistant. (rC+)
You are immune to negative energy. (rN+++)
You are immune to unholy pain and torment.
You are weak. (Str -2)
You are vulnerable to heat. (rF-)
You are strongly in touch with the powers of death.
You do not drink.
You have a special connection with the divine. (Faith)


   Skills:
 O Level 27 Fighting
 - Level 2.4 Maces & Flails
 - Level 20.0 Ranged Weapons
 - Level 10.0 Armour
 + Level 23.5 Dodging
 - Level 4.0 Spellcasting
 - Level 2.4 Conjurations
 - Level 2.6 Necromancy
 - Level 7.0 Translocations


You had 29 spell levels left.
You knew the following spells:

 Your Spells              Type           Power      Damage    Failure   Level
v - Blink                 Tloc           66%        N/A       1%          2
A - Apportation           Tloc           66%        N/A       1%          1

Your spell library contained the following spells:

 Spells                   Type           Power      Damage    Failure   Level
 Lesser Beckoning         Tloc           66%        N/A       1%          2
 Gell's Gravitas          Tloc           33%        N/A       3%          3
 Teleport Other           Tloc           33%        N/A       3%          3
 Momentum Strike          Conj/Tloc      46%        3d9       4%          2
 Kiss of Death            Conj/Necr      100%       2d13      7%          1
 Necrotise                Necr           100%       1d9       7%          1
 Magic Dart               Conj           56%        1d5       8%          1
 Passage of Golubria      Tloc           33%        N/A       11%         4
 Volatile Blastmotes      Fire/Tloc      36%        2d13      14%         3
 Sandblast                Erth           8%         2d5       19%         1
 Slow                     Hex            16%        N/A       19%         1
 Summon Small Mammal      Summ           16%        N/A       19%         1
 Static Discharge         Conj/Air       18%        2-3/arc   19%         2
 Cigotuvi's Dreadful Rot  Necr/Pois/Air  34%        N/A       21%         2
 Vampiric Draining        Necr           34%        2d8       21%         3
 Call Imp                 Summ           8%         N/A       28%         2
 Ensorcelled Hibernation  Hex/Ice        8%         N/A       28%         2
 Jinxbite                 Hex            8%         N/A       28%         2
 Passwall                 Tmut/Erth      3%         N/A       28%         2
 Poisonous Vapours        Pois/Air       8%         N/A       28%         2
 Scorch                   Fire           8%         2d5       28%         2
 Iskenderun's Mystic Bla  Conj/Tloc      23%        2d6       28%         4
 Dazzling Flash           Conj/Hex       18%        N/A       34%         3
 Hailstorm                Conj/Ice       9%         3d4       34%         3
 Stone Arrow              Conj/Erth      18%        3d8       34%         3
 Mephitic Cloud           Conj/Pois/Air  7%         N/A       38%         3
 Dimensional Bullseye     Hex/Tloc       9%         N/A       41%         4
 Call Canine Familiar     Summ           4%         N/A       50%         3
 Confusing Touch          Hex            4%         N/A       50%         3
 Ignite Poison            Fire/Tmut/Pois 4%         N/A       50%         3
 Inner Flame              Hex/Fire       4%         N/A       50%         3
 Sigil of Binding         Hex            4%         N/A       50%         3
 Summon Guardian Golem    Hex/Summ       4%         N/A       50%         3
 Swiftness                Air            4%         N/A       50%         3
 Tukima's Dance           Hex            4%         N/A       50%         3
 Dispel Undead            Necr           34%        3d15      54%         4
 Anguish                  Hex/Necr       11%        N/A       75%         4
 Flame Wave               Conj/Fire      9%         2d6       75%         4
 Fulminant Prism          Conj/Hex       4%         3d5       75%         4
 Sticky Flame             Conj/Fire      9%         2d3       75%         4
 Summon Forest            Summ/Tloc      9%         N/A       77%         5
 Dispersal                Tloc           16%        N/A       86%         6
 Airstrike                Air            2%         2d(1-17)  88%         4
 Animate Armour           Summ/Erth      8%         N/A       88%         4
 Cause Fear               Hex            2%         N/A       88%         4
 Leda's Liquefaction      Hex/Erth       2%         N/A       88%         4
 Petrify                  Tmut/Erth      4%         N/A       88%         4
 Summon Ice Beast         Ice/Summ       4%         N/A       88%         4
 Summon Lightning Spire   Summ/Air       4%         N/A       88%         4
 Agony                    Necr           34%        N/A       88%         5
 Borgnjor's Vile Clutch   Necr/Erth      11%        N/A       97%         5
 Fireball                 Conj/Fire      4%         3d4       97%         5
 Irradiate                Conj/Tmut      4%         3d13      97%         5
 Freezing Cloud           Conj/Ice/Air   3%         6-21      98%         5
 Alistair's Intoxication  Tmut/Pois      2%         N/A       99%         5
 Lee's Rapid Deconstruct  Erth           2%         3d4*      99%         5
 Silence                  Hex/Air        2%         N/A       99%         5
 Summon Mana Viper        Hex/Summ       4%         N/A       99%         5
 Yara's Violent Unravell  Hex/Tmut       2%         3d3       99%         5
 Conjure Ball Lightning   Conj/Air       4%         3x3d6     100%        6
 Eringya's Noxious Bog    Tmut/Pois      2%         4d6       100%        6
 Plasma Beam              Fire/Air       2%         2x1d12    100%        6
 Summon Cactus Giant      Summ           2%         N/A       100%        6
 Enfeeble                 Hex            2%         N/A       100%        7
 Haunt                    Necr/Summ      11%        N/A       100%        7
 Monstrous Menagerie      Summ           2%         N/A       100%        7
 Orb of Destruction       Conj           7%         9d6       100%        7
 Spellforged Servitor     Conj/Summ      4%         N/A       100%        7
 Summon Hydra             Summ           2%         N/A       100%        7
 Infestation              Necr           17%        N/A       100%        8
 Lehudib's Crystal Spear  Conj/Erth      4%         10d3      100%        8
 Dragon's Call            Summ           2%         N/A       100%        9
 Sublimation of Blood     Necr           Unusable   N/A       N/A         2
 Animate Dead             Necr           Unusable   N/A       N/A         4
 Death's Door             Necr           Unusable   N/A       N/A         9

Inventory:

Hand Weapons
 a - the +8 storm bow (weapon) {elec, penet, norare}
   (You found it on level 3 of the Elven Halls)
 b - the +6 arbalest "Damnation" {damnation, norare}
   (You acquired it on level 11 of the Dungeon)
 c - the +3 greatsling "Punk" {acid, rCorr}
   (You found it on level 3 of the Elven Halls)

   rCorr:     It protects you from acid and corrosion.
Missiles
 N - 17 curare-tipped darts
 S - 2 throwing nets
Armour
 d - +0 steam dragon scales
 o - the +3 robe of Clouds {*Thunder rCloud rElec}
   (You found it on level 2 of the Vaults)

   *Thunder:  It occasionally creates storm clouds above nearby enemies.
   rCloud:    It grants its wearer immunity to clouds.
   rElec:     It insulates you from electricity.
 w - a +0 pair of gloves
 E - a +2 robe of resistance (worn)
 H - a +2 pair of gloves of dexterity (worn)
 J - a +2 ring mail of willpower
 P - a +0 troll leather armour
 W - the +3 pair of mountain boots (worn) {steadfast, rC+}
   (You found it on level 5 of the Vaults)

   Steadfast: It prevents involuntary movement, except for blinking,
   teleportation, or banishment.
   rC+:       It protects you from cold.
 X - a +2 cloak of willpower (worn)
 Y - a +2 helmet of see invisible (worn)
Magical Staves
 z - a staff of fire
 D - the staff "Ysaxo" {Fly rElec rN+ MP+9 Str-3 Air}
   (You found it on level 3 of the Crypt)

   [staff of air]

   Base accuracy: +5 Base damage: 5 Base attack delay: 1.2 This weapon's minimum
   attack delay (0.6) is reached at skill level 12.
   Str-3:     It affects your strength (-3).
   rElec:     It insulates you from electricity.
   rN+:       It protects you from negative energy.
   MP+9:      It affects your magic capacity (+9).
   Fly:       It grants you flight.
   Air:       It increases the power of your Air spells.
   It falls into the 'Staves' category.
   It is a one-handed weapon.
 I - the staff "Xezur" {rElec rC+ Dex+3 Air}
   (You found it on level 5 of the Vaults)

   [staff of air]

   Base accuracy: +5 Base damage: 5 Base attack delay: 1.2 This weapon's minimum
   attack delay (0.6) is reached at skill level 12.
   Dex+3:     It affects your dexterity (+3).
   rC+:       It protects you from cold.
   rElec:     It insulates you from electricity.
   Air:       It increases the power of your Air spells.
   It falls into the 'Staves' category.
   It is a one-handed weapon.
Jewellery
 g - a +6 ring of dexterity (left hand)
 r - a ring of see invisible
 t - a ring of ice
 y - a +4 ring of slaying
 A - a ring of protection from fire
 B - the ring "Ecuh" {Fly rC+ rN++ Str+6 SInv}
   (You found it in the Desolation of Salt)

   [ring of strength]

   Str+6:     It affects your strength (+6).
   rC+:       It protects you from cold.
   rN++:      It greatly protects you from negative energy.
   SInv:      It lets you see invisible.
   Fly:       It grants you flight.
 C - an amulet of regeneration (around neck)
 G - the ring "Osakeer" (right hand) {rF+ rC+ rN+}
   (You found it on level 1 of the Vaults)

   [ring of positive energy]

   rF+:       It protects you from fire.
   rC+:       It protects you from cold.
   rN+:       It protects you from negative energy.
 K - a ring of willpower
 O - a ring of resist corrosion
 R - a +5 ring of evasion
 T - a +6 ring of dexterity
 U - the ring of Oniej {+Blink MP+9 AC+4 Int+3}
   (You took it off a vault sentinel on level 5 of the Vaults)

   [ring of protection]

   AC+4:      It affects your AC (+4).
   Int+3:     It affects your intelligence (+3).
   MP+9:      It affects your magic capacity (+9).
   +Blink:    It lets you blink.
 V - the ring of Ido Xely {Will+ Int+5 SInv}
   (You took it off a deep elf death mage on level 3 of the Elven Halls)

   [ring of willpower]

   Int+5:     It affects your intelligence (+5).
   Will+:     It increases your willpower.
   SInv:      It lets you see invisible.
Wands
 e - a wand of polymorph (38)
 h - a wand of roots (31)
 u - a wand of charming (68)
 x - a wand of digging (22)
 F - a wand of quicksilver (25)
Scrolls
 f - 3 scrolls of butterflies
 i - 7 scrolls of vulnerability
 j - 8 scrolls of immolation
 k - 11 scrolls of amnesia
 l - 7 scrolls of silence {!r}
 m - 2 scrolls of revelation
 n - 5 scrolls of fog
 p - 9 scrolls of poison
 q - 15 scrolls of teleportation
 s - 2 scrolls of blinking
 v - a scroll of enchant armour
 M - 4 scrolls of fear
 Q - 4 scrolls of torment {!r}


Message History

The hell beast misses you. The hell beast completely misses you.
You shoot an arrow.
The arrow pierces through the hell beast!!!
You kill the hell beast!
No target in view!
No target in view!
There is a stone staircase leading up here.
You climb upwards.
There is a stone staircase leading down here. [a] - 812 gold - resistance, might, haste and brilliance [b] - 360 gold - resistance and invisibility [c] - 230 gold - resistance Purchase which effect?
You feel protected.
You feel very mighty all of a sudden.
You feel yourself speed up.
You feel clever all of a sudden.
There is an open door here.
Aiming: Dig
Press: ? - help, Shift-Dir - straight line, f - you Please select a direction to dig.
This square is covered in magical glow.
The rock shatters into small pieces.
An Executioner comes into view.
The Executioner gives a hideous shriek!
The Executioner gestures.
The Executioner seems to speed up.
There is an open door here.
The Executioner completely misses you. x2; The Executioner hits you.
The Executioner hits you but does no damage.
The Executioner closely misses you. x2
The Executioner completely misses you. x5; The Executioner misses you.
The Executioner completely misses you. x2; The Executioner hits you.
There is an open door here.
Blink to where?
Press: ? - help, Dir - move target
As you read the scroll of blinking, it crumbles to dust.
There is a staircase leading out of the dungeon here.
The Executioner completely misses you. The Executioner hits you.
The Executioner hits you!
You have escaped!

7#..#....P.P.#..#
#..#.P......#..#
#..#....P.P.#..#
#..#.P......#..#
#..#..P.P...#..#
#'##...8....##'#
##..##########..##
#....#......'....#
#....ยค......#..1@#
##..##########..##
#### ####


You could see an Executioner (fast).

Vanquished Creatures
  2 dread liches
  2 ancient liches
  Mara (Depths:2)
  A juggernaut (Depths:2)
  the Lernaean hydra (Swamp:4)
  Bai Suzhen (Depths:2)
  Saint Roka (Depths:3)
  4 golden dragons
  A bone dragon (Crypt:3)
  A Brimstone Fiend (D:15)
  A Cloud Mage (WizLab)
  An Orb Guardian (Depths:1)
  8 tentacled monstrosities
  Mlioglotl (Swamp:3)
  5 liches
  A walking crystal tome (Depths:4)
  Zenata (Elf:3)
  The ghost of Shayle the Warrior, an adept DsHW of Ashenzari (Vaults:1)
  A walking earthen tome (Depths:2)
  A shard shrike skeleton (Crypt:1)
  9 sphinxes
  6 titans
  3 quicksilver dragons
  A deep elf blademaster (Elf:3)
  2 deep elf master archers (Elf:3)
  A death cob (Zot:3)
  2 walking divine tomes (Depths:2)
  A sphinx (shapeshifter) (Depths:3)
  4 ancient champions
  Aizul (Depths:1)
  The ghost of riojii the Black Belt, an adept DsSh of Qazlal (Swamp:3)
  9 tengu reavers
  A thorn hunter (Swamp:2)
  A storm dragon (shapeshifter) (Vaults:5)
  12 shadow dragons
  A draconian monk (Depths:4)
  Donald (Swamp:2)
  3 storm dragons
  The ghost of Kidef the Severer, an adept FoFi of Okawaru (D:15)
  Roxanne (Elf:3)
  8 frost giants
  The ghost of Dittersdorf the Warrior, an adept GrFi of Okawaru (Spider:1)
  The ghost of Dittersdorf the Warrior, an adept GrFi of Okawaru (Elf:1)
  Louise (Depths:3)
  An iron dragon (Vaults:5)
  10 deep elf sorcerers
  3 ghost moths
  A ghost moth (shapeshifter) (Vaults:5)
  2 imperial myrmidons (Desolation)
  7 fire giants
  A balrug (Depths:3)
  15 vault wardens
  7 emperor scorpions
  A draconian scorcher (Depths:4)
  3 ghouls (Crypt:2)
  3 orc warlords
  3 curse skulls
  A cacodemon (D:12)
  3 spriggan defenders (Depths:3)
  5 deep elf elementalists
  A draconian annihilator (Depths:4)
  21 ironbound preservers
  16 stone giants
  4 war gargoyles
  11 ironbound thunderhulks
  3 formless jellyfish
  37 very ugly things
  A reaper (D:15)
  7 broodmothers
  3 caustic shrike skeletons (Crypt:3)
  3 green draconians (Depths:4)
  Azrael (D:13)
  4 vampire knights
  6 deep elf demonologists
  A yellow draconian (Depths:4)
  6 deep elf annihilators
  3 eleionomae
  A red draconian (Depths:4)
  3 halazid warlocks (Desolation)
  A purple draconian (Depths:4)
  3 bunyips
  23 spark wasps
  7 dire elephants
  9 ettins
  A crystal guardian (Desolation)
  4 blizzard demons (WizLab)
  12 deep elf death magi
  10 yaktaur captains
  A shambling mangrove (Swamp:4)
  Fannar (Lair:3)
  16 jiangshi
  8 entropy weavers
  8 ragged hierophants (Desolation)
  9 ice dragons
  3 spriggan zombies
  9 fire dragons
  4 deep elf high priests
  4 servants of whispers (Desolation)
  A quicksilver dragon skeleton (Crypt:3)
  4 great orbs of eyes
  3 ghost crabs
  22 hydras
  Harold (D:10)
  11 alligators
  35 vault guards
  2 caustic shrike simulacra (IceCv)
  8 centaur warriors
  8 jorogumos
  2 spriggan skeletons (Crypt:3)
  An ogre mage (Vaults:5)
  16 spriggan air magi
  5 peacekeepers
  10 ironbound frosthearts
  4 rakshasas
  2 catoblepae
  A radroach (Spider:2)
  A hell beast (D:2)
  6 two-headed ogres
  A two-headed ogre (shapeshifter) (Depths:2)
  20 dancing weapons
  A titan zombie (Vaults:4)
  9 boulder beetles
  3 death yaks (Lair:4)
  A boulder beetle (shapeshifter) (Vaults:5)
  An Orb Guardian skeleton (Crypt:2)
  10 deep troll shamans
  2 orc high priests
  Urug (Lair:1)
  8 vampire magi
  7 deep troll earth magi
  4 tengu warriors
  11 demonic crawlers
  8 spriggan berserkers
  2 shock serpents (WizLab)
  2 sun demons (Depths:3)
  Amaemon (D:8)
  10 deep elf knights
  A soul eater (Crypt:1)
  A storm dragon zombie (Crypt:1)
  2 skysharks
  15 hell knights
  7 pharaoh ants
  20 skeletal warriors
  4 iron trolls
  5 goliath frogs
  3 sun moths
  6 death drakes
  56 deep trolls
  7 wizards
  4 spriggan druids
  2 spriggan simulacra
  A death drake (shapeshifter) (D:13)
  13 lindwurms
  11 swamp dragons
  4 bog bodies
  An anaconda skeleton (Crypt:3)
  4 flayed ghosts
  11 orb spiders
  2 orange crystal statues (IceCv)
  Pikel (D:4)
  14 phantasmal warriors
  2 bunyip skeletons
  7 deep elf archers
  5 glowing orange brains
  17 ironbound convokers
  10 necromancers
  3 large abominations (Elf:1)
  31 deep elf zephyrmancers
  A harpy (Vaults:3)
  5 steelbarb worms
  29 deep elf pyromancers
  2 golden dragon skeletons
  8 orc knights
  A broodmother zombie (Crypt:2)
  A wolf spider (shapeshifter) (Depths:2)
  2 manticores (D:15)
  61 ugly things
  A fire giant zombie (Depths:1)
  An iron dragon skeleton (Depths:1)
  5 orc sorcerers
  A shining eye (shapeshifter) (Vaults:1)
  3 will-o-the-wisps
  A manticore (shapeshifter) (Vaults:4)
  5 moths of wrath
  21 wolf spiders
  10 cyclopes
  A stone giant skeleton (Crypt:2)
  Maurice (Orc:1)
  18 elephants
  A naga zombie (Crypt:3)
  An elephant (shapeshifter) (D:13)
  A black mamba (Lair:2)
  4 guardian serpents (Desolation)
  Joseph (D:10)
  4 orange demons
  A molten gargoyle (Desolation)
  25 vault sentinels
  3 smoke demons
  Maggie (D:7)
  4 torpor snails
  13 cane toads
  5 gargoyles
  A centaur skeleton (Crypt:3)
  2 dire elephant skeletons (Crypt:3)
  2 efreet (D:13)
  An unseen horror (D:13)
  3 rime drakes
  A yaktaur zombie (Vaults:4)
  An anaconda simulacrum (IceCv)
  22 yaktaurs
  A tormentor (Depths:1)
  14 komodo dragons
  6 tengu conjurers
  A death yak skeleton (Crypt:1)
  6 freezing wraiths
  A white draconian skeleton (Crypt:1)
  An ice devil (Depths:2)
  3 harpy zombies (Crypt:2)
  A human skeleton (Vaults:4)
  4 red devils (Crypt:3)
  2 guardian mummies (Crypt:3)
  A hydra zombie (Crypt:3)
  3 wind drakes (WizLab)
  5 tyrant leeches
  5 alligator simulacra (IceCv)
  2 golden dragon simulacra (IceCv)
  27 tarantellas
  4 polar bears
  12 trolls
  13 meliai
  A bloated husk (Swamp:2)
  Prince Ribbit (D:8)
  17 hornets
  2 harpy skeletons
  8 dream sheep
  A dream sheep (shapeshifter) (Vaults:2)
  40 saltlings (Desolation)
  46 slime creatures
  21 blink frogs
  A jumping spider (shapeshifter) (D:14)
  Sigmund (D:4)
  A centaur simulacrum (Crypt:2)
  14 culicivoras
  An ettin skeleton (Crypt:3)
  29 jumping spiders
  5 shadows
  28 spriggans
  4 water elementals
  10 air elementals
  12 wraiths
  39 yaks
  A vampire (D:9)
  A black mamba skeleton (Crypt:3)
  A ynoxinul (Depths:1)
  An ushabti (Crypt:3)
  A human (shapeshifter) (D:13)
  4 wyverns
  A dire elephant simulacrum (IceCv)
  4 basilisks
  2 steam dragons
  9 vampire mosquitoes
  Edmund (D:6)
  7 fire elementals
  40 redbacks
  7 wargs
  Menkaure (D:5)
  3 harpy simulacra (IceCv)
  An entropy weaver zombie (Crypt:1)
  15 swamp worms
  3 acid dragons (D:13)
  A demonspawn skeleton (Crypt:2)
  Duvessa (D:7)
  A deep troll skeleton (Crypt:2)
  A floating eye (shapeshifter) (Vaults:1)
  14 water moccasins
  2 hell hounds (D:13)
  2 hydra simulacra (Swamp:2)
  3 black bears
  A sky beast (shapeshifter) (D:15)
  10 swamp drakes
  2 ice beasts
  2 sky beasts (D:7)
  An elephant zombie (Crypt:1)
  38 orc warriors
  2 ettin simulacra (IceCv)
  2 manticore skeletons
  5 ogres
  11 boggarts
  28 wolves
  4 centaurs
  An elf zombie (Elf:1)
  A human zombie (Vaults:4)
  2 lemures (D:4)
  2 kobold brigands
  Blork the orc (D:4)
  A gnoll sergeant (D:7)
  13 bullfrogs
  A scorpion (D:5)
  A necrophage (Crypt:2)
  14 earth elementals
  2 draconian skeletons (Crypt:2)
  A yaktaur skeleton (Crypt:1)
  18 wights
  Dowan (D:7)
  A water moccasin skeleton (Crypt:2)
  A yak zombie (Crypt:1)
  2 electric eels
  A howler monkey (shapeshifter) (D:13)
  7 howler monkeys
  9 hounds
  2 jellies
  23 orc priests
  Ijyb (D:4)
  6 iguanas
  30 orc wizards
  13 hell rats
  5 mummies
  7 adders
  7 gnolls
  A shadow imp (D:6)
  2 white imps
  An ufetubus (D:4)
  2 worms
  A dart slug (D:1)
  75 orcs
  2 endoplasms
  2 giant cockroaches
  6 goblins
  5 hobgoblins
  3 jackals (D:2)
  2 quokkas
  13 ball pythons
  2 bats (D:2)
  2 frilled lizards
  A hobgoblin skeleton (Crypt:1)
  A hobgoblin zombie (Crypt:2)
  16 kobolds
  5 rats
  A lurking horror (Spider:3)
2174 creatures vanquished.

Vanquished Creatures (collateral kills)
  A dread lich (Zot:5)
  Vv (Zot:1)
  A tentacled monstrosity (Zot:5)
  A hellephant (Zot:1)
  A quicksilver dragon (Zot:3)
  3 Orb Guardians (Zot:5)
  A storm dragon (Zot:1)
  A draconian scorcher (Zot:1)
  2 draconian knights
  A draconian shifter (Zot:1)
  3 black draconians
  A green draconian (Zot:1)
  A yellow draconian (Zot:5)
  A red draconian (Zot:1)
  A white draconian (Zot:1)
  2 purple draconians
  2 moths of wrath (Zot:5)
24 creatures vanquished.

Vanquished Creatures (others)
  A dread lich (Zot:5)
  An ancient lich (Zot:5)
  2 Killer Klowns (Zot:5)
  An electric golem (Zot:5)
  8 Orb Guardians (Zot:5)
  A death cob (Zot:5)
  2 draconian scorchers (Zot:5)
  2 draconian shifters (Zot:5)
  A purple draconian (Zot:1)
  A peacekeeper (Desolation)
  A spriggan skeleton (Crypt:2)
  A moth of wrath (Zot:5)
  An air elemental (WizLab)
  A boggart (D:13)
  2 foxfires (Swamp:2)
26 creatures vanquished.

Grand Total: 2224 creatures vanquished

Notes
Turn   | Place    | Note
-------+----------+-------------------------------------------
     0 | D:1      | elliptic the Mummy Reaver began the quest for the Orb.
     0 | D:1      | Reached XP level 1. HP: 16/16 MP: 4/4
    86 | D:1      | Found Isidutru's Weapon Boutique.
   252 | D:1      | Reached skill level 1 in Necromancy
   361 | D:1      | Found a sacrificial altar of Ru.
   369 | D:1      | Became a worshipper of Ru the Awakened
   402 | D:1      | Reached XP level 2. HP: 20/23 MP: 5/5
   408 | D:1      | Learned a level 2 spell: Momentum Strike
   657 | D:1      | Found a faded altar of an unknown god.
  1025 | D:2      | Reached skill level 3 in Fighting
  1139 | D:2      | Reached XP level 3. HP: 29/29 MP: 7/7
  1792 | D:2      | Reached skill level 4 in Fighting
  1801 | D:2      | Gained mutation: You are weak. (Str -2) [Ru sacrifice]
  1908 | D:3      | Reached XP level 4. HP: 32/37 MP: 8/8
  2072 | D:3      | Found a shimmering altar of Xom.
  2590 | D:3      | Reached XP level 5. HP: 25/38 MP: 5/9
  3231 | D:3      | Found a shimmering altar of Xom.
  3313 | D:4      | Noticed Blork the orc
  3436 | D:4      | Noticed Ijyb
  3437 | D:4      | sigh
  3446 | D:4      | Noticed Sigmund
  3447 | D:4      | ...
  3457 | D:4      | hm
  3457 | D:4      | Found a staircase to the Ecumenical Temple.
  3458 | D:4      | okay
  3465 | Temple   | Entered the Ecumenical Temple
  3493 | Temple   | Fell from the grace of Ru
  3493 | Temple   | Became a worshipper of Gozag Ym Sagoz the Greedy
  3597 | D:5      | Entered Level 5 of the Dungeon
  3633 | D:5      | Noticed Menkaure
  3634 | D:5      | uh
  3639 | D:5      | well
  3836 | D:5      | Reached skill level 5 in Fighting
  3990 | D:5      | Reached XP level 6. HP: 38/51 MP: 10/10
  4042 | D:5      | Found a blossoming altar of Fedhas.
  4106 | D:5      | Found a shadowy altar of Dithmenos.
  4136 | D:5      | Found a burning altar of Makhleb.
  4137 | D:5      | Found a bloodstained altar of Trog.
  4167 | D:5      | sigh
  4553 | D:6      | Noticed an ice beast
  4577 | D:5      | Killed an ice beast
  4578 | D:5      | Reached skill level 6 in Fighting
  4629 | D:6      | Reached XP level 7. HP: 39/59 MP: 11/11
  4706 | D:6      | Found Vacvujeiwu's Armour Shoppe.
  4727 | D:6      | Found Leneom's Gadget Gallery.
  4736 | D:6      | Noticed Edmund
  4737 | D:6      | .....
  4794 | D:6      | Reached skill level 7 in Fighting
  4805 | D:6      | Found Vibevvam's General Store.
  4826 | D:6      | hm
  4869 | D:7      | hm
  4880 | D:7      | Reached skill level 3 in Dodging
  4903 | D:7      | hm
  5094 | D:6      | Reached skill level 8 in Fighting
  5163 | D:6      | Found Velih's Antique Armour Shoppe.
  5200 | D:6      | Reached skill level 1 in Ranged Weapons
  5210 | D:6      | Reached XP level 8. HP: 68/68 MP: 12/12
  5296 | D:7      | Found a snail-covered altar of Cheibriados.
  5402 | D:7      | Reached skill level 3 in Ranged Weapons
  5598 | D:7      | Found a hide-covered altar of Uskayaw.
  5708 | D:7      | sigh
  5708 | D:7      | hm
  5877 | D:7      | Noticed Maggie
  5940 | D:8      | Found a radiant altar of Vehumet.
  5979 | D:8      | Noticed an orange demon
  5980 | D:8      | ...
  6139 | D:6      | oh
  6415 | D:4      | Noticed Pikel
  6675 | D:1      | Bought the +6 orcbow of the Boiling Point {heavy, Str+2}
                  | for 570 gold pieces
  6758 | D:4      | Killed Blork the orc
  7044 | D:4      | meh
  7047 | D:4      | Killed Sigmund
  7102 | D:4      | Killed Pikel
  7103 | D:4      | Reached skill level 6 in Ranged Weapons
  7103 | D:4      | Reached XP level 9. HP: 63/74 MP: 13/13
  7148 | D:4      | Killed Ijyb
  7686 | D:5      | Found a blossoming altar of Fedhas.
  7722 | D:5      | Found a shadowy altar of Dithmenos.
  7726 | D:5      | Found a burning altar of Makhleb.
  7727 | D:5      | Found a bloodstained altar of Trog.
  7934 | D:5      | Killed Menkaure
  8004 | D:6      | sigh
  8154 | D:6      | Killed Edmund
  8351 | D:7      | oh right
  8473 | D:7      | Noticed Duvessa
  8474 | D:7      | sigh
  8480 | D:8      | oh
  8889 | D:9      | sigh
  8907 | D:8      | Noticed Prince Ribbit
  8908 | D:8      | hi
  8915 | D:8      | Killed Prince Ribbit
  9344 | D:9      | Reached skill level 9 in Ranged Weapons
  9347 | D:9      | Noticed a troll
  9350 | D:9      | hm
  9360 | D:9      | sigh
  9434 | D:9      | Noticed a two-headed ogre
  9435 | D:9      | sigh
  9437 | D:9      | Killed a two-headed ogre
  9438 | D:9      | Reached XP level 10. HP: 80/80 MP: 14/14
  9445 | D:10     | Entered Level 10 of the Dungeon
  9447 | D:10     | Identified the +1 cloak of the Hidden Seers {rPois Str+3
                  | SInv}
  9476 | D:10     | Noticed Harold
  9477 | D:10     | sigh
  9482 | D:10     | Killed Harold
  9936 | D:6      | Bought a +2 ring mail of willpower for 294 gold pieces
 10276 | D:10     | Noticed Joseph
 10281 | D:10     | Killed Joseph
 10419 | D:10     | Found a shimmering blue altar of Sif Muna.
 10502 | D:10     | Found a sacrificial altar of Ru.
 11268 | D:11     | Noticed a boulder beetle
 11269 | D:11     | ugh
 11283 | D:12     | Noticed a boulder beetle
 11284 | D:12     | sigh
 11288 | D:12     | hm
 11291 | D:12     | Killed a boulder beetle
 11292 | D:12     | Reached skill level 9 in Fighting
 11423 | D:11     | Killed a boulder beetle
 11424 | D:11     | Reached XP level 11. HP: 66/89 MP: 15/15
 11909 | D:11     | Found a staircase to the Orcish Mines.
 11915 | D:11     | Got an illuminated book
 11934 | D:11     | Reached skill level 6 in Dodging
 12207 | D:11     | Acquired an amulet of regeneration
 12221 | D:11     | Acquired the +6 arbalest "Damnation" {damnation}
 12221 | D:11     | Found the +6 arbalest "Damnation" {damnation}
 12245 | D:11     | Noticed a two-headed ogre
 12246 | D:11     | Noticed a rakshasa
 12262 | D:11     | Killed a two-headed ogre
 12406 | D:11     | Noticed a brown ugly thing
 12462 | D:11     | Killed a rakshasa
 12491 | D:11     | Killed a brown ugly thing
 12492 | D:11     | Reached skill level 12 in Ranged Weapons
 12895 | D:9      | Noticed a white ugly thing
 12904 | D:9      | Killed a white ugly thing
 12983 | D:9      | Reached skill level 10 in Fighting
 13070 | D:9      | Noticed a two-headed ogre
 13073 | D:9      | Killed a two-headed ogre
 13102 | D:9      | Found a staircase to the Lair.
 13333 | D:8      | Found Boxkan's Elemental Accessories.
 13335 | D:8      | Noticed Amaemon
 13344 | D:8      | Reached skill level 1 in Armour
 13348 | D:8      | Killed Amaemon
 13349 | D:8      | Reached XP level 12. HP: 97/97 MP: 16/16
 13380 | D:8      | Noticed a two-headed ogre
 13385 | D:8      | Killed a two-headed ogre
 13386 | D:8      | Reached skill level 3 in Armour
 14130 | D:7      | eh
 14214 | D:7      | Noticed Dowan
 14216 | D:7      | Killed Duvessa
 14216 | D:7      | Killed Dowan
 14504 | D:7      | Killed Maggie
 14933 | D:6      | Bought a dazzling ring mail for 279 gold pieces
 14933 | D:6      | Identified the +1 ring mail of Charity {Int+3} (You bought
                  | it in a shop on level 6 of the Dungeon)
 14966 | D:9      | Noticed a boulder beetle
 14967 | D:9      | hi
 15169 | D:9      | Killed a boulder beetle
 15279 | D:12     | uhhh
 15336 | D:12     | Noticed a two-headed ogre
 15339 | D:12     | Killed a two-headed ogre
 16197 | Lair:1   | Entered Level 1 of the Lair of Beasts
 16606 | Lair:1   | Noticed Urug
 16607 | Lair:1   | uh
 16610 | Lair:1   | sigh
 16615 | Lair:1   | Killed Urug
 17239 | Lair:2   | Gained mutation: You are strongly in touch with the powers
                  | of death. [Mummy growth]
 17239 | Lair:2   | Reached XP level 13. HP: 103/103 MP: 17/17
 17424 | Lair:2   | Identified the +9 long sword "Hyqoqo" {freeze, Will+}
 17683 | Lair:2   | Identified the +5 plate armour of Unambiguity {Will+ Str+9
                  | Int-2 Stlth+}
 17831 | Lair:2   | Found a staircase to the Swamp.
 17874 | Lair:2   | Found a hole to the Spider Nest.
 18219 | Lair:3   | Noticed Fannar
 18225 | Lair:3   | Killed Fannar
 18226 | Lair:3   | Reached skill level 11 in Fighting
 18267 | Lair:3   | Reached skill level 9 in Dodging
 18825 | Lair:4   | hm
 18836 | Lair:4   | sigh
 19013 | Lair:4   | Reached skill level 15 in Ranged Weapons
 19207 | Lair:4   | Reached XP level 14. HP: 114/114 MP: 18/18
 19501 | Lair:5   | Entered Level 5 of the Lair of Beasts
 19523 | Lair:5   | Reached skill level 12 in Fighting
 19576 | Lair:5   | hm
 19663 | Lair:5   | Reached skill level 6 in Armour
 19769 | Lair:5   | Found a staircase to the Slime Pits.
 21591 | Orc:1    | Entered Level 1 of the Orcish Mines
 21945 | Orc:2    | Entered Level 2 of the Orcish Mines
 21945 | Orc:2    | Found a staircase to the Elven Halls.
 22452 | Orc:2    | Found Pyacausa's Jewellery Emporium.
 22452 | Orc:2    | Found Ruqemuor's Armour Shoppe.
 22453 | Orc:2    | Found Teomas's Antique Weapon Shoppe.
 22456 | Orc:2    | Found Voecawez's Antique Weapon Emporium.
 22463 | Orc:2    | Bought a ring of protection from fire for 375 gold pieces
 22783 | Orc:2    | Noticed an orc warlord
 22787 | Orc:2    | Killed an orc warlord
 22789 | Orc:2    | Reached XP level 15. HP: 120/120 MP: 19/19
 23078 | Orc:1    | Noticed Maurice
 23081 | Orc:1    | Killed Maurice
 23558 | D:13     | Found a gate to the Vaults.
 23630 | D:13     | hm
 23759 | D:13     | Found Efohiudd's Distillery.
 23931 | D:13     | Noticed Azrael
 23933 | D:13     | oh
 23933 | D:13     | this is a problem
 23939 | D:13     | Reached skill level 18 in Ranged Weapons
 23945 | D:13     | Killed Azrael
 25267 | D:15     | Entered Level 15 of the Dungeon
 25295 | D:15     | Reached skill level 13 in Fighting
 25785 | D:15     | Found a runed translucent door.
 25785 | D:15     | Noticed Kidef's ghost (adept FoFi)
 25872 | D:15     | Found Cuophuf's General Store.
 26100 | D:15     | Reached XP level 16. HP: 132/132 MP: 20/20
 26307 | D:15     | Found a staircase to the Depths.
 26740 | Swamp:1  | Entered Level 1 of the Swamp
 27179 | Swamp:1  | Reached skill level 14 in Fighting
 28008 | Swamp:2  | Noticed a thorn hunter
 28012 | Swamp:2  | Killed a thorn hunter
 28035 | Swamp:2  | Noticed Donald
 28036 | Swamp:2  | hm
 28038 | Swamp:2  | Killed Donald
 28134 | Swamp:2  | Found a frozen archway.
 28189 | IceCv    | Entered an ice cave
 28234 | IceCv    | Reached skill level 15 in Fighting
 28249 | IceCv    | Reached skill level 12 in Dodging
 28636 | Swamp:2  | what
 29529 | Swamp:3  | Noticed Mlioglotl
 29534 | Swamp:3  | what
 29538 | Swamp:3  | Killed Mlioglotl
 29946 | Swamp:3  | Reached skill level 16 in Fighting
 29946 | Swamp:3  | Reached XP level 17. HP: 96/144 MP: 21/21
 30354 | Swamp:3  | Found a large runed translucent door.
 30354 | Swamp:3  | Found a large runed translucent door.
 30357 | Swamp:3  | Noticed riojii's ghost (adept DsSh)
 30412 | Swamp:4  | Entered Level 4 of the Swamp
 30977 | Swamp:4  | Noticed the 27-headed Lernaean hydra
 30978 | Swamp:4  | hi
 30985 | Swamp:4  | eh
 30989 | Swamp:4  | Killed the 27-headed Lernaean hydra
 31297 | Swamp:4  | Identified the +5 spear of Malaise {heavy, rPois Str+5}
 31398 | Swamp:4  | Got a decaying rune of Zot
 31748 | Spider:1 | Entered Level 1 of the Spider Nest
 31925 | Spider:1 | hm
 32229 | Spider:1 | hm
 32229 | Spider:1 | I guess
 32255 | Spider:1 | hm
 32256 | Spider:1 | worst tech
 32337 | Spider:1 | uh
 32484 | Spider:1 | Found a runed translucent door.
 32484 | Spider:1 | Noticed Dittersdorf's ghost (adept GrFi)
 32658 | Spider:1 | Identified the +1 pair of gloves "Citenay" {Int+2}
 32728 | Spider:1 | Reached skill level 17 in Fighting
 33289 | Spider:2 | hm
 33290 | Spider:2 | :( this might be bad
 34496 | Spider:3 | what
 34935 | Spider:3 | Found a transporter.
 34950 | Spider:3 | Found a transporter.
 35074 | Spider:3 | Reached XP level 18. HP: 148/155 MP: 22/22
 35266 | Spider:3 | Found a corrupted altar of Lugonu.
 35267 | Spider:3 | Found a one-way gate to the infinite horrors of the Abyss.
 35740 | Spider:4 | Entered Level 4 of the Spider Nest
 35890 | Spider:4 | Learned a level 2 spell: Blink
 35892 | Spider:4 | Learned a level 1 spell: Apportation
 36015 | Spider:4 | Reached skill level 1 in Translocations
 36317 | Spider:4 | Reached skill level 3 in Translocations
 36604 | Spider:4 | hm
 37220 | Spider:4 | Reached skill level 6 in Translocations
 37226 | Spider:4 | Reached skill level 18 in Fighting
 37474 | Spider:4 | Reached skill level 15 in Dodging
 37665 | Spider:4 | Got a gossamer rune of Zot
 38199 | Elf:1    | Entered Level 1 of the Elven Halls
 38323 | Elf:1    | Got a shiny book
 38870 | Elf:1    | Found a runed translucent door.
 38873 | Elf:1    | Noticed Dittersdorf's ghost (adept GrFi)
 39440 | Elf:1    | Killed Dittersdorf's ghost
 39441 | Elf:1    | Reached XP level 19. HP: 165/165 MP: 23/23
 39717 | Elf:2    | Found Qyroapuj's Magic Scroll Shoppe.
 39723 | Elf:2    | Bought a scroll of teleportation for 33 gold pieces
 39723 | Elf:2    | Bought a scroll of teleportation for 33 gold pieces
 39723 | Elf:2    | Bought a scroll of teleportation for 33 gold pieces
 39765 | Elf:2    | Found Mair's Magic Scroll Boutique.
 39772 | Elf:2    | Bought a scroll of teleportation for 54 gold pieces
 39772 | Elf:2    | Bought a scroll of teleportation for 54 gold pieces
 39772 | Elf:2    | Bought a scroll of fear for 72 gold pieces
 39797 | Elf:2    | Found Zoraak's Armour Emporium.
 39824 | Elf:2    | Found an ancient bone altar of Kikubaaqudgha.
 39981 | Elf:2    | Found Anuong's General Store.
 40145 | Elf:2    | Found a runed translucent gate.
 40145 | Elf:2    | Found a runed translucent gate.
 40145 | Elf:2    | Found a runed translucent gate.
 40538 | Elf:2    | Reached skill level 19 in Fighting
 40963 | Elf:2    | Reached skill level 9 in Armour
 41157 | Elf:3    | Entered Level 3 of the Elven Halls
 41728 | Elf:3    | Noticed Roxanne
 41735 | Elf:3    | Killed Roxanne
 42216 | Elf:3    | Identified the +4 battleaxe of Noduiboe {vamp, Will+
                  | Stlth+}
 42225 | Elf:3    | Noticed Zenata
 42226 | Elf:3    | uh
 42368 | Elf:3    | oh
 42702 | Elf:3    | Killed Zenata
 43123 | Elf:3    | Identified the +1 ring mail of an ossuary {Regen+}
 43273 | Elf:3    | Identified the +11 spear of Expedience {heavy, rF+}
 43273 | Elf:3    | Identified the ring of Ido Xely {Will+ Int+5 SInv}
 43417 | Elf:3    | Found the +3 greatsling "Punk" {acid, rCorr}
 43427 | Elf:3    | Found the +8 storm bow {elec, penet}
 43442 | Elf:3    | Got a tattered book
 43478 | Elf:3    | Got a blackened book
 43552 | Elf:3    | hm
 43838 | Vaults:1 | Entered Level 1 of the Vaults
 44176 | Vaults:1 | Identified the ring "Osakeer" {rF+ rC+ rN+}
 44605 | Vaults:1 | Reached XP level 20. HP: 176/176 MP: 24/24
 44748 | Vaults:1 | Found a runed translucent door.
 44751 | Vaults:1 | Noticed Shayle's ghost (adept DsHW)
 44943 | Vaults:2 | Found the +3 robe of Clouds {*Thunder rCloud rElec}
 45255 | Vaults:2 | Identified the +0 ring mail of Riklat {rCorr Slay+2}
 45982 | Vaults:3 | Found Fetex's General Store.
 45988 | Vaults:3 | Bought a scroll of teleportation for 48 gold pieces
 45988 | Vaults:3 | Bought a scroll of enchant armour for 120 gold pieces
 46063 | Vaults:3 | Found a crumbling gateway.
 46070 | Desolati | Entered the Desolation of Salt
 46129 | Desolati | Upgraded the game from 0.31-a0-833-gc15d34cb79 to
                  | 0.31-a0-836-g3ceb0a68c4
 46248 | Desolati | oh
 46666 | Desolati | Reached skill level 20 in Fighting
 47366 | Desolati | Identified the +7 plate armour "Yteuh" {rElec rC+ rCorr}
 47379 | Desolati | Identified the ring "Puoburawn" {rPois rN+ Str+4 Stlth-}
 47409 | Desolati | Found the +10 tower shield of Ignorance {rN+ Int-4}
 47412 | Desolati | Identified the ring of Utuxing {Fly rC- MP+9 SInv}
 47417 | Desolati | Identified the ring "Ecuh" {Fly rC+ rN++ Str+6 SInv}
 47453 | Desolati | Got a dusty book
 47454 | Desolati | Identified the ring "Amneg" {Fly rC+}
 47468 | Desolati | Identified the +4 rapier of the Scorned {flame, rCorr
                  | Int+3}
 47471 | Desolati | Identified the +3 arbalest of Melee {penet, rC+ Str+3 Dex+4
                  | Stlth+}
 48040 | Vaults:3 | Found a staircase to the Crypt.
 48156 | Vaults:3 | Reached XP level 21. HP: 99/184 MP: 25/25
 48985 | Vaults:4 | Found a magical portal.
 48990 | WizLab   | Entered The Chambers of the Cloud Mage
 49006 | WizLab   | Paralysed by an air elemental for 1 turns
 49047 | WizLab   | hm
 49052 | WizLab   | what
 49057 | WizLab   | Paralysed by an air elemental for 1 turns
 49087 | WizLab   | Paralysed by an air elemental for 1 turns
 49208 | WizLab   | Paralysed by an air elemental for 1 turns
 49357 | WizLab   | Reached skill level 21 in Fighting
 49500 | WizLab   | hm
 49527 | WizLab   | Identified the +0 robe of Josh {Dex+3 Stlth+}
 49575 | WizLab   | Identified the ring of Vommosm {Fly rN+}
 49590 | WizLab   | Got an antique book
 50457 | Vaults:4 | Reached skill level 18 in Dodging
 50994 | Vaults:4 | Found Jaff's Weapon Shop.
 51201 | Crypt:1  | Entered Level 1 of the Crypt
 51709 | Crypt:1  | Reached skill level 22 in Fighting
 52335 | Crypt:2  | Reached XP level 22. HP: 196/196 MP: 26/26
 52647 | Crypt:2  | Reached skill level 3 in Spellcasting
 52986 | Crypt:3  | Entered Level 3 of the Crypt
 53625 | Crypt:3  | Identified the staff "Ysaxo" {Fly rElec rN+ MP+9 Str-3 Air}
 53770 | Crypt:3  | Noticed a dread lich
 53787 | Crypt:3  | Killed a dread lich
 54320 | Crypt:3  | Found a staircase to the Tomb.
 54362 | Crypt:3  | Noticed an ancient lich
 54382 | Crypt:3  | Killed an ancient lich
 54421 | Crypt:3  | Identified the staff "Adypuf" {rN+ Conj}
 55015 | Depths:1 | Entered Level 1 of the Depths
 55187 | Depths:1 | Found a stormy altar of Qazlal.
 55304 | Depths:1 | Noticed Aizul
 55318 | Depths:1 | Killed Aizul
 55394 | Depths:1 | Reached skill level 23 in Fighting
 55433 | Depths:1 | Found a one-way gate leading to the halls of Pandemonium.
 55542 | Depths:1 | Found a gateway to Hell.
 55956 | Depths:1 | Identified the +6 shortbow of the Warrior {elec, rN+ Int+3}
 56258 | Depths:2 | Noticed Bai Suzhen
 56272 | Depths:2 | Killed Bai Suzhen
 56350 | Depths:2 | Found a one-way gateway to a ziggurat.
 56380 | Depths:2 | Reached XP level 23. HP: 207/207 MP: 29/29
 57328 | Depths:3 | Noticed Saint Roka
 57339 | Depths:3 | Killed Saint Roka
 57489 | Depths:2 | Noticed Mara
 57490 | Depths:2 | hm
 57500 | Depths:2 | Killed Mara
 57501 | Depths:2 | Reached skill level 24 in Fighting
 57600 | Depths:2 | Noticed a juggernaut
 57601 | Depths:2 | uh
 57619 | Depths:2 | fine
 57627 | Depths:2 | Killed a juggernaut
 58516 | Depths:3 | Noticed Louise
 58526 | Depths:3 | Killed Louise
 58693 | Depths:3 | sigh
 59020 | Depths:3 | Reached skill level 21 in Dodging
 59117 | Depths:3 | Reached XP level 24. HP: 214/219 MP: 29/29
 59317 | Depths:3 | Reached skill level 25 in Fighting
 59770 | Depths:4 | Entered Level 4 of the Depths
 60500 | Depths:4 | Found a gate to the Realm of Zot.
 61358 | Vaults:1 | Killed Shayle's ghost
 61531 | D:15     | Killed Kidef's ghost
 61900 | Swamp:3  | Killed riojii's ghost
 62075 | Spider:1 | Killed Dittersdorf's ghost
 62080 | Spider:1 | Identified the +1 falchion "Gueriuc" {spect, rCorr Str+4}
 62188 | Spider:3 | eh
 62200 | Spider:3 | I would if not for the statue probably?
 62200 | Spider:3 | eh
 62643 | Vaults:5 | Entered Level 5 of the Vaults
 62644 | Vaults:5 | uh
 62644 | Vaults:5 | I don't actually know whether I can self-zap
 62645 | Vaults:5 | lol
 62675 | Vaults:5 | hm
 62694 | Vaults:5 | Noticed an ancient lich
 62709 | Vaults:5 | meh
 62714 | Vaults:5 | fine
 62723 | Vaults:4 | Reached skill level 26 in Fighting
 62846 | Vaults:5 | Identified the +9 spear "Ilazusiu" {holy, rN+ rCorr}
 62846 | Vaults:5 | Identified the ring of Oniej {+Blink MP+9 AC+4 Int+3}
 62940 | Vaults:5 | Identified the +11 hand axe "Tyruigidgh" {freeze, rElec
                  | Str-3 Int+3}
 63142 | Vaults:5 | Identified the +1 leather armour "Jeotwun" {Int+4}
 63281 | Vaults:5 | Reached XP level 25. HP: 179/232 MP: 29/29
 63291 | Vaults:5 | ow
 63746 | Vaults:5 | Noticed a dread lich
 63761 | Vaults:5 | Killed a dread lich
 64016 | Vaults:5 | Identified the +2 falchion of Brutal Revenge {flame, rPois
                  | Dex+2}
 64017 | Vaults:5 | Found the +3 pair of mountain boots {steadfast, rC+}
 64025 | Vaults:5 | Got a silver rune of Zot
 64108 | Vaults:5 | Identified the +2 chain mail of Hopscotch {Contam rPois
                  | Regen+}
 64289 | Vaults:5 | Identified the staff "Xezur" {rElec rC+ Dex+3 Air}
 64317 | Vaults:5 | Killed an ancient lich
 65408 | D:6      | Bought a glowing scarf for 248 gold pieces
 65449 | D:6      | Bought a scroll of revelation for 82 gold pieces
 65608 | Orc:2    | Bought a +1 helmet of see invisible for 214 gold pieces
 65941 | Zot:1    | Entered Level 1 of the Realm of Zot
 65941 | Zot:1    | Noticed an orb of fire
 65942 | Zot:1    | lol
 65943 | Zot:1    | lol
 65971 | Zot:1    | Reached skill level 27 in Fighting
 65992 | Zot:1    | do I want that? not really
 65999 | Zot:3    | Noticed Vv
 66034 | Zot:5    | Entered Level 5 of the Realm of Zot
 66049 | Zot:5    | Noticed a dread lich
 66049 | Zot:5    | Noticed a Killer Klown
 66057 | Zot:5    | Noticed a dread lich
 66058 | Zot:5    | Noticed an electric golem
 66058 | Zot:5    | Noticed an orb of fire
 66058 | Zot:5    | Noticed a Killer Klown
 66064 | Zot:5    | Got the Orb of Zot
 66080 | Zot:5    | Killed a dread lich
 66082 | Zot:5    | Killed an electric golem
 66083 | Zot:5    | Killed a Killer Klown
 66088 | Zot:5    | Killed a dread lich
 66114 | Zot:5    | Killed an ancient lich
 66163 | Zot:1    | hm
 66180 | Zot:1    | Your ally Vv died
 66343 | Depths:1 | Noticed Bynereomn the pandemonium lord
 66353 | Depths:1 | Noticed Jifizen the pandemonium lord
 66558 | D:8      | Noticed Liotwuraud the pandemonium lord
 66752 | D:$      | Escaped with the Orb!

Levels and vault maps discovered:
D:1:      sevenhm_arrival_forest_fort_large_4, layout_basic,
          ebering_ecumenical_altar_hall, serial_shops,
          nicolae_shop_tiny_real_fake_doors, minmay_hexomino_r4
D:2:      layout_loops_ring, minmay_gold_behind_fungi
D:3:      minmay_wonky_spiral, layout_rooms, marbit_many_paths
D:4:      layout_basic, minmay_temple_entry_mini_moons, uniq_sigmund,
          uniq_pikel, uniq_blork_the_orc, uniq_ijyb
D:5:      layout_loops_ring, fedhas_altar_4, minitemple, nrook_campfire,
          uniq_menkaure
D:6:      layout_rooms, serial_shops, nicolae_square_shop, nicolae_diamond_shop,
          shop_statue, minmay_misc_feat_rugged, eino_curves_02,
          nicolae_shop_gadgets, uniq_edmund
D:7:      layout_loops_ring, chei_slow_surprise, mainiacjoe_overflow_catwalk,
          grunt_ministairs_1, kennysheep_small_spiral, uniq_duvessa, uniq_maggie
D:8:      layout_layer_cave, mainiacjoe_overflow_alcove_4,
          nicolae_elemental_shop, uniq_prince_ribbit1, uniq_amaemon
D:9:      layout_roguey, erik_lair_island, kb_rosetta
D:10:     layout_grid_maze, old_standard_altar,
          nicolae_ru_great_annihilating_truth, grunt_decor_clamped, uniq_harold,
          uniq_joseph
D:11:     layout_basic, david_orc_1_choice
D:12:     layout_basic, serial_park_tiny_1, hangedman_cracks_in_the_wall
D:13:     minmay_big_diamond_grid, layout_basic,
          hellmonk_vaults_order_and_chaos, serial_shops, shop, uniq_azrael
D:14:     layout_roguey, minmay_holes
D:15:     hangedman_depths_entry_civil_slaughter, layout_grid_maze,
          ebering_ghost_reflecting_pool, serial_shops, nicolae_shop_stone,
          dreamdust_princess_corridor, elves_outpost_lemuel
Temple:   bh_familiar_temple
Lair:1:   layout_regular_city, beast_lair_carwin_1, uniq_urug
Lair:2:   layout_cellular_growth, skrybe_swamp_entry_bodies,
          spider_nest_entry_rubble, grunt_megastairs_4
Lair:3:   layout_gridlike, uniq_fannar
Lair:4:   layout_gridlike, grunt_megastairs_3, infiniplex_staircase_pool
Lair:5:   minmay_lair_end_enchanted_forest, layout_cave_pods,
          dpeg_slime_entry_enclosed
Swamp:1:  layout_basic_swamp, evilmike_swamp_ruin_house_1,
          infiniplex_staircase_pool_2
Swamp:2:  layout_basic_swamp, portal_ice_cave_entry_ugly_swarm,
          evilmike_swamp_ruin_wall, swamp_pool1, hangedman_swamp_double_dragon,
          uniq_donald
Swamp:3:  layout_basic_swamp, ebering_ghost_disaster_area, hangedman_swamp_pad,
          swamp_pool1, uniq_mlioglotl
Swamp:4:  swamp, layout_basic_swamp, swamp_pool1
Spider:1: layout_cave_pods, gammafunk_ghost_grave,
          hangedman_spider_tarantella_strand
Spider:2: layout_spider_delve
Spider:3: gammafunk_sealed_arena, amcnicky_altar_lugonu_corruption,
          nicolae_spider_cling_halls
Spider:4: guppyfry_spider_rune, nicolae_spider_world_wide_web
Orc:1:    layout_caves, uniq_maurice
Orc:2:    st_orc_mages, layout_diamond_mine
Elf:1:    layout_onion_city, hellmonk_ghost_happy_afterlife,
          minmay_elf_necromancy
Elf:2:    elven_hall_of_blades_hangedman_original [nooodl_blade_entry_preview],
          layout_geoelf_diagonals, basic_altar, serial_shops,
          nicolae_shop_crystal, shop, nicolae_take_the_stairs, shop
Elf:3:    minmay_elf_hall_statues, layout_rooms, nrook_uturn, uniq_roxanne,
          uniq_zenata
Vaults:1: hellmonk_ghost_big_iron, ontoclasm_vaults_fault,
          nicolae_vaults_lopsided_apartments, ontoclasm_vaults_twist,
          grunt_vaults_focal, vaults_dpeg_diagonal, nicolae_vaults_six-pack,
          nicolae_vaults_rhombus_6, nicolae_vaults_layer_cake_slice,
          hangedman_vaults_river_flow, nicolae_vaults_trapezoid_layered,
          layout_vaults_omnibox
Vaults:2: nicolae_vaults_variable_pillar_hall, v_misc_15,
          nicolae_vaults_corpse_flower, nicolae_vaults_alarming, v_pattern_4,
          vaults_room_door_hall, vaults_room_semicircle, v_misc_9,
          nicolae_vaults_specimen_jars, nicolae_vaults_network_s,
          nicolae_vaults_more_shelving_2, layout_vaults_maze
Vaults:3: portal_desolation_entry_garden, nicolae_vaults_heart-shaped_vault,
          nicolae_vaults_big_ls, minmay_crypt_entry_simple_statues,
          nicolae_vaults_big_angled_halls, nicolae_vaults_security_offices_4,
          vaults_room_door_hall, nicolae_vaults_sesquioval_fish,
          ontoclasm_vaults_decontamination, v_alt_pattern_5,
          nicolae_vaults_diamond_1, layout_vaults_omnicross, serial_shops, shop
Vaults:4: mu_enter_wizlab_2, nicolae_vaults_network_periphery,
          ontoclasm_vaults_spin, v_misc_24,
          nicolae_vaults_windows_and_doors_thing, vaults_dpeg_encased_lava,
          hangedman_vaults_maws, nicolae_vaults_little_squares_3,
          vaults_room_pool, layout_vaults_omnigrid, serial_shops, shop
Vaults:5: serial_shops, uniq_margery
Crypt:1:  layout_gridlike, corexii_leaking_fountain, grunt_crypt_arrival_webbed,
          grunt_megastairs_2
Crypt:2:  layout_chaotic_city, serial_sigils, serial_sigils_hangedman_leer,
          serial_sigils_hangedman_scratch, serial_sigils_hangedman_writhe,
          serial_sigils_hangedman_clutch, serial_sigils_hangedman_scar,
          serial_sigils_hangedman_quiver, hex_medium
Crypt:3:  quadcrypt_mu
Depths:1: layout_basic, hell_entry, rand_demon_pan_entry_5,
          serial_sigils_hangedman_snap, roderic_roman_lattice,
          nicolae_qazlal_scattered_showers, uniq_aizul
Depths:2: grunt_runaround [grunt_runaround_doors_1, grunt_runaround_doors_2,
          grunt_runaround_doors_3, grunt_runaround_doors_4,
          grunt_runaround_loot], hell_entry, pan_entry, serial_shops,
          uniq_bai_suzhen, uniq_mara
Depths:3: grunt_deathspiral_large, layout_gridville,
          nicolae_abyss_entry_one_way_or_another, hangedman_decor_points,
          lightli_too_deep, uniq_saint_roka
Depths:4: grunt_zot_entry_funnels, layout_cave_pools, grunt_hell_entry_dis_old,
          reono_crystal_passage, chequers_serial_rivers_micro_e
Zot:1:    layout_gridville
Zot:2:    layout_concentric_octagons, hangedman_zot_decor_unnerving_road
Zot:3:    layout_gridlike, st_stairs_6, drop_trap, uniq_vv
Zot:4:    kennysheep_bubbly, layout_cellular_growth, uniq_parghit
Zot:5:    layout_gridlike

Action                     |  1- 3 |  4- 6 |  7- 9 | 10-12 | 13-15 | 16-18 | 19-21 | 22-24 | 25-27 || total
---------------------------+-------+-------+-------+-------+-------+-------+-------+-------+-------++-------
  Melee: Dagger            |   128 |    85 |   136 |       |       |       |       |       |       ||   349
         Mace              |    16 |       |       |       |       |       |       |       |       ||    16
         Punch             |     1 |     3 |       |       |       |       |       |       |       ||     4
         Flail             |       |    19 |       |       |       |       |       |       |       ||    19
         Great mace        |       |    28 |       |       |       |       |       |       |       ||    28
         Arbalest          |       |       |       |       |       |     3 |       |       |       ||     3
   Fire: Orcbow            |       |       |    96 |   116 |       |       |       |       |       ||   212
         Arbalest          |       |       |       |   203 |   756 |   892 |   293 |       |       ||  2144
         Longbow           |       |       |       |       |       |       |  1349 |  1982 |   365 ||  3696
  Throw: Dart              |       |    26 |     4 |     1 |       |     1 |     9 |       |       ||    41
         Throwing net      |       |       |     1 |     4 |     1 |       |       |       |       ||     6
   Cast: Kiss of Death     |       |     2 |       |       |       |       |       |       |       ||     2
         Momentum Strike   |       |     1 |       |       |       |       |       |       |       ||     1
         Blink             |       |       |       |       |       |       |     5 |     1 |       ||     6
         Apportation       |       |       |       |       |       |       |       |       |     2 ||     2
 Invoke: Sacrifice Purity  |     1 |       |       |       |       |       |       |       |       ||     1
         Potion Petition   |       |       |       |       |     1 |     4 |     7 |       |     7 ||    19
         Bribe Branch      |       |       |       |       |       |       |       |       |     3 ||     3
  Evoke: Wand              |       |     4 |     9 |       |       |     3 |    15 |     3 |     9 ||    43
    Use: Scroll            |       |     4 |     5 |    10 |     6 |     7 |     8 |     9 |    17 ||    66
   Stab: Sleeping          |     3 |     1 |       |       |       |       |       |       |       ||     4
         Distracted        |       |       |     1 |       |       |       |       |       |       ||     1
 Armour: Leather armour    |    60 |    48 |       |       |       |       |       |       |       ||   108
         Ring mail         |       |    23 |    82 |    46 |    77 |    74 |   352 |    99 |       ||   753
         Robe              |       |       |       |       |       |    53 |    62 |   260 |    50 ||   425
  Dodge: Dodged            |    70 |    56 |    66 |    54 |   104 |   255 |   577 |   821 |   116 ||  2119
